 Dungeon Crawl Stone Soup version 0.29.1-15-g9cfb28693d (webtiles) character file.

Game seed: 12415860543087936317

931 Calibrex the Ruffian (level 7, -8/60 (71) HPs)
             Began as a Troll Fighter on Mar 25, 2023.
             Mangled by hndcvy's ghost (18 damage)
             ... on level 5 of the Dungeon on Mar 26, 2023.
             The game lasted 00:08:17 (3783 turns).

Calibrex the Ruffian (Troll Fighter)                Turns: 3783, Time: 00:08:17

HP:   -8/60 (71)    AC:  8    Str: 25    XL:     7   Next: 86%
MP:   6/6           EV:  8    Int:  6    God:
Gold: 239           SH:  8    Dex:  9    Spells: 6/6 levels left

rFire   . . .      SeeInvis .     - Unarmed
rCold   + . .      Faith    .   b - +0 kite shield
rNeg    . . .      Spirit   .   a - +0 robe
rPois   .          Reflect  .   (helmet restricted)
rElec   .          Harm     .   (no cloak)
rCorr   .          Rampage  .   (gloves unavailable)
Will    .....                   (boots unavailable)
Stlth   +.........              (no amulet)
HPRegen 1.00/turn               f - +4 ring of protection
MPRegen 0.10/turn               y - ring of protection from cold

@: heavily drained
A: large, unfitting armour, claws 3, regeneration 1, shaggy fur 1, tough skin 1
a: no special abilities


You were on level 5 of the Dungeon.
You visited 1 branch of the dungeon, and saw 5 of its levels.

You collected 239 gold pieces.

Inventory:

Missiles
 o - a throwing net (quivered)
 F - 4 poisoned darts
Armour
 a - a +0 robe (worn)
 b - a +0 kite shield (worn)
Jewellery
 f - a +4 ring of protection (left claw)
 y - a ring of protection from cold (right claw)
 C - an amulet of reflection
Wands
 x - a wand of charming (12)
 z - a wand of flame (4)
Scrolls
 d - 2 scrolls of blinking {unknown}
 e - 2 scrolls of brand weapon {unknown}
 g - 4 scrolls of teleportation {unknown}
 l - 4 scrolls of poison {unknown}
 m - a scroll of silence {unknown}
 n - 7 scrolls of identify {unknown}
 q - a scroll of magic mapping {unknown}
 s - 2 scrolls of summoning {unknown}
 w - 4 scrolls of immolation {unknown}
 A - a scroll of amnesia {unknown}
 B - a scroll of noise {unknown}
 D - a scroll of acquirement {unknown}
 G - a scroll of enchant weapon {unknown}
Potions
 c - a potion of might
 h - a potion of brilliance {unknown}
 i - 4 potions of cancellation {unknown}
 j - 3 potions of lignification {unknown}
 k - 2 potions of resistance {unknown}
 p - 2 potions of flight {unknown}
 r - a potion of ambrosia {unknown}
 t - a potion of curing
 u - 2 potions of haste {unknown}
 v - 2 potions of heal wounds {unknown}
 E - a potion of degeneration {unknown}


   Skills:
 + Level 4.4 Fighting
 - Level 2.4 Dodging
 + Level 4.8 Shields
 * Level 6.7 Unarmed Combat


You had 6 spell levels left.
You didn't know any spells.
Your spell library contained the following spells:

 Spells                   Type           Power      Damage    Failure   Level
 Blink                    Tloc           0%         N/A       86%         2
 Lesser Beckoning         Tloc           0%         N/A       97%         3
 Portal Projectile        Hex/Tloc       0%         N/A       97%         3
 Tukima's Dance           Hex            0%         N/A       97%         3
 Alistair's Intoxication  Tmut/Pois      0%         N/A       100%        5
 Blade Hands              Tmut           0%         N/A       100%        5
 Borgnjor's Vile Clutch   Necr/Erth      0%         N/A       100%        5
 Manifold Assault         Tloc           0%         N/A       100%        5
 Eringya's Noxious Bog    Tmut/Pois      0%         N/A       100%        6


Dungeon Overview and Level Annotations

Branches:
Dungeon (5/15)             Temple (0/1) D:5

Altars:
Qazlal

Annotations:
D:5 hndcvy's ghost, novice MiFi


Innate Abilities, Weirdness & Mutations

You are too large for most types of armour.
You have claws for hands.
Your natural rate of healing is unusually fast.
You are covered in fur. (AC +1)
You have tough skin. (AC +1)


Message History

There is an open door here.
There is an open door here.
Hndcvy's ghost turns its malevolent gaze towards you.
Could not explore, unopened runed door.
Could not explore, unopened runed door.
Could not explore, unopened runed door.
Could not explore, unopened runed door.
No reachable target in view!
No reachable target in view!
You open the large door.
You scratch hndcvy's ghost but do no damage.
Hndcvy's ghost hits you!
You feel drained.
You barely miss hndcvy's ghost. You block hndcvy's ghost's attack.
You barely miss hndcvy's ghost. Hndcvy's ghost hits you!
You feel drained.
You scratch hndcvy's ghost but do no damage.
Hndcvy's ghost hits you but does no damage.
You feel drained.
You scratch hndcvy's ghost.
Hndcvy's ghost is lightly damaged.
Hndcvy's ghost hits you.
You feel drained.
You closely miss hndcvy's ghost.
Hndcvy's ghost is lightly damaged.
Hndcvy's ghost hits you!
You feel drained.
You scratch hndcvy's ghost.
Hndcvy's ghost is lightly damaged.
Hndcvy's ghost hits you!
* * * LOW HITPOINT WARNING * * *
You feel drained.
* * * LOW HITPOINT WARNING * * *
Press: ? - help, v - describe, . - travel
Here: hndcvy's ghost, wielding a weapon of draining (lightly damaged)
A large open translucent door.
Hndcvy's ghost is nearby!
Throw: 2 throwing nets
Press: ? - help, Q - select action, (/) - cycle Shift-Dir - straight line, f/p - hndcvy's ghost
Aim: hndcvy's ghost, wielding a weapon of draining (lightly damaged, 43% to hit, immune to nets)
You throw a throwing net.
The throwing net closely misses hndcvy's ghost.
Hndcvy's ghost hits you!!
You die...

#...........#
#...........#
#####.......##
#####..###.......##
#..#..#.##.........
##..#≈(..####.....##
#...'.§§?.###.....##
#...W.#§§###......##
#..@#.§§~≈##.......'
#...#§.§#####.....##
#.###.##~# #.....##
#..# ########......#
##.###............##
#................##
#####.....~~..#####
##....~⌠.......
##....~~.......


You could see hndcvy's ghost.

Vanquished Creatures
  An ogre (D:5)
  A kobold brigand (D:5)
  4 scorpions
  A killer bee (D:5)
  A howler monkey (D:5)
  An orc priest (D:4)
  2 hounds
  A gnoll bouda (D:5)
  Jessica (D:3)
  An iguana (D:5)
  Robin (D:4)
  7 gnolls
  10 adders
  A worm (D:4)
  5 dart slugs
  7 orcs (D:4)
  5 endoplasms
  5 giant cockroaches
  13 goblins
  10 hobgoblins
  2 jackals (D:1)
  10 kobolds
  6 quokkas
  6 ball pythons
  5 bats
  4 frilled lizards
  7 rats
118 creatures vanquished.

Notes
Turn   | Place    | Note
-------+----------+-------------------------------------------
     0 | D:1      | Calibrex the Troll Fighter began the quest for the Orb.
     0 | D:1      | Reached XP level 1. HP: 22/22 MP: 0/0
   114 | D:1      | Found a faded altar of an unknown god.
   351 | D:1      | Reached XP level 2. HP: 29/29 MP: 1/1
   500 | D:1      | Reached XP level 3. HP: 36/36 MP: 2/2
   809 | D:2      | Reached skill level 3 in Unarmed Combat
   976 | D:2      | Reached XP level 4. HP: 40/44 MP: 3/3
  1354 | D:2      | Reached skill level 4 in Unarmed Combat
  1427 | D:2      | Reached XP level 5. HP: 53/53 MP: 4/4
  1625 | D:3      | Noticed Jessica
  1633 | D:3      | Killed Jessica
  2359 | D:4      | Reached XP level 6. HP: 61/61 MP: 5/5
  2540 | D:4      | Identified the +2 helmet "Pueghuog" {Dex+4}
  2540 | D:4      | Noticed Robin
  2567 | D:4      | Killed Robin
  2568 | D:4      | Reached skill level 5 in Unarmed Combat
  2631 | D:4      | Found a stormy altar of Qazlal.
  2992 | D:5      | Entered Level 5 of the Dungeon
  3210 | D:5      | Reached XP level 7. HP: 68/68 MP: 6/6
  3310 | D:5      | Reached skill level 6 in Unarmed Combat
  3398 | D:5      | Found a large runed translucent door.
  3398 | D:5      | Found a large runed translucent door.
  3426 | D:5      | Found a staircase to the Ecumenical Temple.
  3603 | D:5      | Identified the +4 trident "Lekamebb" {vorpal, Drain rN++}
  3771 | D:5      | Noticed hndcvy's ghost (novice MiFi)
  3783 | D:5      | Mangled by hndcvy's ghost

Illustrated notes

Levels and vault maps discovered:
D:1:      sevenhm_arrival_forest_fort_small_5, layout_basic,
          basic_ecumenical_altar, minmay_tromino_v4_b
D:2:      layout_basic, nicolae_underground_beach
D:3:      layout_loops_cross, dreamdust_mushroom_princess, minmay_crystal_room,
          uniq_jessica
D:4:      layout_basic, kennysheep_mini_moat, uniq_robin
D:5:      kennysheep_big_flooded_room, layout_gridville,
          minmay_temple_entry_mini_moons, ebering_ghost_disaster_area,
          kennysheep_pointless_box, corexii_leaking_fountain

Skill      XL: |  1  2  3  4  5  6  7 |
---------------+----------------------+-----
Shields        | 3 4 |  4.8
Unarmed Combat | 3 4 5 6 |  6.7
Fighting       | 3 4 |  4.4
Dodging        | |  2.4

Action                   |  1- 3 |  4- 6 |  7- 9 || total
-------------------------+-------+-------+-------++-------
Melee: Unarmed           |    87 |   170 |    67 ||   324
Throw: Throwing net      |       |       |     1 ||     1
 Stab: Sleeping          |     1 |       |       ||     1
Armor: Robe              |    25 |    57 |    34 ||   116
Dodge: Dodged            |    28 |    44 |    30 ||   102
Block: Kite shield       |    26 |    49 |    32 ||   107
